Cogmind - Beta 11 @@@ ROGUE MODE // 2022.04.08 @ 21:35:52 Player: Infomantis Result: Destroyed by S-43 Plague with Heavy Machine Gun Performance ------------- Evolutions (6) 3000 Regions Visited (13) 2600 Robots Destroyed (76) 380 Value Destroyed (2849) 2849 Prototype IDs (47) 940 Alien Tech Used (0) 0 Bonus (1222) 1222 TOTAL SCORE: 10991 Bonus ------- Follower Combat Kills 165 Aligned with FarCom 300 Met Warlord at Base 500 MAIN.C Attacked Warlord 500 Friendly Fire -243 Cogmind --------- Core Integrity 0/1150 Matter 300/300 Energy 60/100 System Corruption 0% Temperature Cool (0) Movement Core (50) Location -3/Proximity Caves Parts ------- > --- POWER (2) -------- (None) > --- PROPULSION (4) --- (None) > --- UTILITY (10) ----- Advanced Heat Sink 0b10 Decoder Chip [Looter] Improved Targeting Computer Improved Targeting Computer > --- WEAPON (3) ------- (None) > --- INVENTORY (5) ---- Focal Shield Skeleton Box Minesniffer Drone Bay (10/10) Vortex Rifle (35) Sapper Charge Peak State ------------ > --- POWER ------------ Light Nuclear Core > --- PROPULSION ------- Wheel VTOL Module > --- UTILITY ---------- 0b10 Decoder Chip [Looter] 0b10 Decoder Chip [Looter] Wardrone Bay > --- WEAPON ----------- Beamcaster Heavy Machine Gun KE Penetrator > --- INVENTORY -------- Advanced Heat Sink High-capacity Storage Unit Skeleton Box Minesniffer Drone Bay Shock Maul [Rating: 138] Favorites ----------- Power Ion Engine Engine Ion Engine Power Core Light Nuclear Core Reactor Light Antimatter Reactor Propulsion Advanced Medium Treads Treads Advanced Medium Treads Leg Aluminum Leg Wheel Wheel Hover Unit Antigrav System Flight Unit VTOL Module Utility Advanced Visual Processing Unit Device Advanced Terrain Scanner Storage Small Storage Unit Processor Advanced Visual Processing Unit Hackware Hacking Suite Protection Layered Heavy Armor Plating Weapon Mini Assault Cannon Energy Gun Beam Rifle Energy Cannon Advanced Plasma Cannon Ballistic Gun Improved Assault Rifle Ballistic Cannon Mini Assault Cannon Launcher Thermoblaster Impact Weapon Shock Maul Slashing Weapon Katana Build | -11 -10 -10 -10 -9 -8 -7 -6 -5 -4 -4 -4 -4 -3 ------- Run | Scr Mat Min Exi Min Mat Fac Fac Fac Fac Upp Upp War Pro Slots Evolved 12 | . . . . . 4 2 2 2 2 . . . . Power 1 | . . . . . . . . 1 . . . . . Propulsion 2 | . . . . . 1 . 1 . . . . . . Utility 8 | . . . . . 2 2 1 1 2 . . . . Weapon 1 | . . . . . 1 . . . . . . . . Parts Attached 151 | 7 2 5 2 . 14 5 10 25 19 13 16 32 1 Power 12 | 1 . 1 . . 1 2 . 3 1 1 1 1 . Engine 7 | 1 . 1 . . 1 2 . 2 . . . . . Core 4 | . . . . . . . . 1 1 . 1 1 . Reactor 1 | . . . . . . . . . . 1 . . . Propulsion 37 | 2 . 3 . . 4 1 4 8 4 1 3 7 . Treads 13 | . . . . . . 1 2 3 3 1 1 2 . Leg 18 | 2 . 3 . . 2 . 1 5 1 . . 4 . Wheel 1 | . . . . . . . . . . . 1 . . Hover 1 | . . . . . . . . . . . . 1 . Flight 4 | . . . . . 2 . 1 . . . 1 . . Utility 55 | 2 . . . . 3 2 3 6 10 6 8 15 . Device 33 | 1 . . . . 2 2 2 3 9 3 3 8 . Storage 5 | 1 . . . . . . . 1 . 1 1 1 . Processor 7 | . . . . . 1 . 1 . . 1 2 2 . Hackware 1 | . . . . . . . . 1 . . . . . Protection 9 | . . . . . . . . 1 1 1 2 4 . Artifact . | . . . . . . . . . . . . . . Weapon 47 | 2 2 1 2 . 6 . 3 8 4 5 4 9 1 Energy Gun 16 | 1 . 1 1 . 2 . 1 2 . 4 . 4 . Energy Cannon 4 | . . . 1 . 1 . . 1 . . 1 . . Ballistic Gun 12 | 1 2 . . . 2 . 1 1 . 1 2 2 . Ballistic Cannon 4 | . . . . . . . . 2 2 . . . . Launcher 4 | . . . . . . . . 1 1 . . 1 1 Special Weapon . | . . . . . . . . . . . . . . Impact Weapon 6 | . . . . . . . 1 1 1 . 1 2 . Slashing Weapon 1 | . . . . . 1 . . . . . . . . Piercing Weapon . | . . . . . . . . . . . . . . Special Melee Weapon . | . . . . . . . . . . . . . . Unidentified Prototypes 12 | . 1 . . . 2 1 1 4 . . . 3 . Parts Lost 61 | . . . . . 3 . 2 17 . 9 8 15 7 Power 8 | . . . . . 1 . . 3 . 1 1 2 . Propulsion 18 | . . . . . 1 . 1 5 . 1 4 3 3 Utility 24 | . . . . . . . 1 6 . 6 1 8 2 Weapon 11 | . . . . . 1 . . 3 . 1 2 2 2 Highest Loss Streak 14 | . . . . . 3 . 2 14 . 3 4 11 7 To Critical Strikes . | . . . . . . . . . . . . . . Average Slot Usage (%) 82 | . 100 100 100 100 90 92 89 69 86 72 76 72 50 Engine 4 | . 14 14 14 14 8 7 6 2 . . . . . Core 2 | . . . . . . . . . 8 4 1 4 . Treads 6 | . . . . . . 1 12 6 13 14 9 . 8 Leg 10 | . 28 28 28 28 17 15 12 10 1 . . 3 4 Flight 1 | . . . . . 3 5 . . . . 2 3 . Device 16 | . 14 14 14 14 17 23 19 13 27 18 14 13 5 Storage 6 | . 14 14 14 14 9 7 6 2 . 1 7 4 . Processor 10 | . . . . . 8 7 11 11 10 10 17 15 20 Protection 2 | . . . . . . . . 2 7 3 4 3 4 Energy Gun 6 | . 14 14 12 14 12 7 6 3 . 1 4 2 4 Energy Cannon 1 | . . . 1 . 2 . . . 5 1 3 . . Ballistic Gun 7 | . 14 14 14 14 7 15 12 2 . 3 2 7 . Ballistic Cannon 2 | . . . . . . . . 4 7 6 5 1 . Naked Turns . | . . . . . . . . . . . . . . Heaviest Build 98 | 15 16 17 24 17 24 25 32 44 70 98 90 44 25 Greatest Support 130 | 20 20 25 25 25 25 25 33 70 130 130 90 54 25 Greatest Overweight (x) 6 | 1 . . . . 1 . 1 1 . 1 6 4 . Average Overweight (x) . | . . . . . . . . . . . 1 1 . Largest Inventory Capacity 20 | 8 8 8 8 8 8 8 8 8 5 20 20 5 5 Average Capacity 8 | 7 8 8 8 8 8 8 8 6 5 10 16 5 5 Most Carried 20 | 6 8 8 8 8 8 8 8 8 5 18 20 5 5 Average Carried 7 | 3 7 8 7 8 7 7 7 6 4 6 14 4 4 Final Capacity 20 | 8 8 8 8 8 8 8 8 5 5 20 5 5 5 Final Carried 18 | 6 8 8 8 8 8 8 8 5 5 18 5 5 5 Class Distribution -------------------- 31% | Scavenger-Mutant 20% | Scavenger-Skirmisher 19% | Skirmisher 18% | Mutant 3% | Tank Dominant Class ---------------- Mutant | -10/Materials Scavenger-Mutant | -10/Mines Scavenger-Mutant | -10/Exiles Scavenger-Mutant | -9/Mines Scavenger-Skirmisher | -8/Materials Scavenger-Skirmisher | -7/Factory Scavenger-Skirmisher | -6/Factory Skirmisher | -5/Factory Tank | -4/Factory Mutant | -4/Upper Caves Scavenger-Skirmisher | -4/Upper Caves Scavenger-Mutant | -4/Warlord Scavenger-Mutant | -3/Proximity Caves Resources | -11 -10 -10 -10 -9 -8 -7 -6 -5 -4 -4 -4 -4 -3 ----------- Run | Scr Mat Min Exi Min Mat Fac Fac Fac Fac Upp Upp War Pro Matter Collected 2316 | 256 . 104 . 71 164 . 180 194 157 636 274 260 20 Remotely . | . . . . . . . . . . . . . . Salvage Created 3217 | 43 . 90 . 113 181 . 516 999 157 469 530 78 41 Parts 121 | 8 . 6 . 4 11 . 2 30 3 22 26 5 4 Haulers Intercepted . | . . . . . . . . . . . . . . Recyclers Shooed . | . . . . . . . . . . . . . . Parts Field Recycled . | . . . . . . . . . . . . . . Retrieved Matter . | . . . . . . . . . . . . . . Parts Self-Destructed 136 | . . . . . . . . . . 16 32 84 4 Prevented 33 | . . . . . . . . . . 4 1 28 . Kills | -11 -10 -10 -10 -9 -8 -7 -6 -5 -4 -4 -4 -4 -3 ------- Run | Scr Mat Min Exi Min Mat Fac Fac Fac Fac Upp Upp War Pro Combat Hostiles Destroyed 57 | . . 2 . 2 6 . 1 17 2 11 14 . 2 Melee 5 | . . . . . . . . 2 . 1 2 . . Guns 25 | . . 2 . 2 6 . 1 3 . 5 4 . 2 Cannons 15 | . . . . . . . . 4 . 4 7 . . AOE 5 | . . . . . . . . 3 1 1 . . . Classes Destroyed 13 | 1 . 1 . 2 2 . 1 4 1 . 1 . . Worker 5 | . . . . . 1 . 1 3 . . . . . Builder 1 | . . . . . . . . 1 . . . . . Tunneler 3 | 2 . . . . . . . 1 . . . . . Recycler 6 | . . . . 1 . . 3 2 . . . . . Operator 2 | . . . . . . . . 1 1 . . . . Watcher 1 | . . . . . . . . . 1 . . . . Swarmer 25 | . . . . 1 4 . . 4 . 5 9 . 2 Grunt 22 | . . 2 . 1 1 . . 9 . 6 3 . . Brawler 1 | . . . . . . . . 1 . . . . . Duelist 1 | . . . . . . . . . . . 1 . . Sentry 2 | . . . . . 1 . . . . . 1 . . Hunter 2 | . . . . . . . . 1 . . . 1 . Programmer 5 | . . . . . . . 1 2 2 . . . . Decomposer 1 | . . . . . . . . . . . 1 . . Best Kill Streak 7 | 2 . 2 . 2 4 . 4 7 1 5 5 . 2 Combat Bots Only 7 | . . 2 . 1 3 . 1 7 1 5 5 . 2 Max Kills in Single Turn 6 | 2 . 1 . 1 2 . 1 6 1 1 2 1 1 Gunslinging . | . . . . . . . . . . . . . . Exploded 2 | . . . . . . . . 2 1 1 . . . Melee 1 | . . . . . . . . 1 . 1 1 . . Uniques/NPCs Destroyed . | . . . . . . . . . . . . . . Combat | -11 -10 -10 -10 -9 -8 -7 -6 -5 -4 -4 -4 -4 -3 -------- Run | Scr Mat Min Exi Min Mat Fac Fac Fac Fac Upp Upp War Pro Damage Taken 11768 | . . 302 . 206 336 . 122 3220 299 1731 1986 2809 757 Core 1714 | . . 42 . . 33 . 31 458 . 162 191 444 353 Absorbed by Shields 68 | . . . . . . . . 68 . . . . . Redirected to Shielding 111 | . . . . . . . . . 21 90 . . . Core Remaining (%) 87 | 100 . . . 83 94 100 96 54 . . . . . Volleys Fired 167 | 2 . 7 . 17 21 . 5 31 14 39 22 1 8 Largest 3 | 2 . 2 . 2 3 . 3 3 1 3 3 1 1 Hottest 260 | 70 . 79 . 79 140 . 131 194 98 194 221 260 260 Shots Fired 343 | 4 . 14 . 34 48 . 15 66 14 89 50 1 8 Gun 224 | 4 . 14 . 34 48 . 15 38 . 46 18 . 7 Cannon 116 | . . . . . . . . 28 13 43 32 . . Launcher 3 | . . . . . . . . . 1 . . 1 1 Special . | . . . . . . . . . . . . . . Kinetic 177 | 2 . 7 . 17 11 . 10 32 . 76 22 . . Thermal 158 | 2 . 7 . 17 37 . 5 34 13 13 28 1 1 Explosive 1 | . . . . . . . . . 1 . . . . Electromagnetic . | . . . . . . . . . . . . . . Entropic 7 | . . . . . . . . . . . . . 7 Robot Hit Streak 12 | 1 . 4 . 6 4 . 5 8 6 12 11 . 1 Robot Miss Streak 5 | 1 . 4 . 2 5 . 1 2 1 4 2 . 4 Penetration Max 1 | . . . . . . . . . . 1 . . . Secondary Targets 4 | . . . . . 2 . . 2 . . . . . Max Gunslinging Chain 1 | . . . . . 1 . . 1 . . . . . Shots Hit Robots 222 | 1 . 8 . 23 22 . 13 58 9 55 32 . 1 Core Hits 98 | 2 . 4 . 5 10 . 3 22 4 21 23 2 2 Critical Kills . | . . . . . . . . . . . . . . Critical Parts Destroyed 7 | . . . . . . . 1 6 . . . . . Critical Strikes 20 | . . . . 1 5 . 2 8 . 3 1 . . Burn 10 | . . . . 1 5 . 1 2 . 1 . . . Blast 3 | . . . . . . . . . . 2 1 . . Smash 7 | . . . . . . . 1 6 . . . . . Melee Attacks 27 | . . . . . . . 3 18 2 . . 4 . Impact 27 | . . . . . . . 3 18 2 . . 4 . Slashing . | . . . . . . . . . . . . . . Piercing . | . . . . . . . . . . . . . . Sneak Attacks 3 | . . . . . . . 3 . . . . . . Combat Hostiles . | . . . . . . . . . . . . . . Follow-up Attacks . | . . . . . . . . . . . . . . Damage Inflicted 7881 | 25 . 121 . 356 408 . 582 3163 458 1586 942 88 152 Guns 3004 | 22 . 116 . 352 408 . 202 601 . 855 296 . 152 Cannons 2125 | . . . . . . . . 501 352 701 571 . . Explosions 1478 | . . . . . . . . 1308 83 . . 87 . Melee 1121 | . . . . . . . 380 741 . . . . . Ramming 153 | 3 . 5 . 4 . . . 12 23 30 75 1 . Kinetic 2811 | 10 . 60 . 208 127 . 136 541 . 1360 369 . . Thermal 3128 | 12 . 56 . 144 281 . 66 1436 352 196 498 87 . Explosive 516 | . . . . . . . . 433 83 . . . . Electromagnetic . | . . . . . . . . . . . . . . Impact 1121 | . . . . . . . 380 741 . . . . . Slashing . | . . . . . . . . . . . . . . Piercing . | . . . . . . . . . . . . . . Entropic 152 | . . . . . . . . . . . . . 152 Highest Corruption 17 | . . . . . 5 . . 17 1 . . . . Average Corruption 9 | . . . . . 5 . . 12 1 . . . . Corruption Purged 6 | . . . . . . . . 5 1 . . . . Corruption Blocked . | . . . . . . . . . . . . . . Effects 42 | . . . . . 11 . . 30 1 . . . . Message Errors 13 | . . . . . 4 . . 9 . . . . . Matter Fused 7 | . . . . . 2 . . 4 1 . . . . Heat Flow Errors 5 | . . . . . 1 . . 4 . . . . . Energy Discharges 4 | . . . . . 2 . . 2 . . . . . Data Loss (minor) 3 | . . . . . 1 . . 2 . . . . . Data Loss (major) 3 | . . . . . . . . 3 . . . . . Misfires 1 | . . . . . . . . 1 . . . . . Misdirections 2 | . . . . . . . . 2 . . . . . Weapon Failures 4 | . . . . . 1 . . 3 . . . . . Overload Shots . | . . . . . . . . . . . . . . Overflow Damage 1080 | . . . . . . . 320 715 39 . 6 . . Projectiles 80 | . . . . . . . . 35 39 . 6 . . Explosions 381 | . . . . . . . . 381 . . . . . Melee 619 | . . . . . . . 320 299 . . . . . Knockbacks 20 | . . . . . . . 2 7 . 9 2 . . Impact 6 | . . . . . . . 1 3 . 1 1 . . Kinetic 12 | . . . . . . . . 3 . 8 1 . . Secondary 2 | . . . . . . . 1 1 . . . . . Self-Inflicted Damage 570 | . . . . . . . . 316 196 . . 58 . Shots 8 | . . . . . . . . 5 2 . . 1 . Rammed 23 | . . . . . . . . 1 1 9 11 1 . Targets Rammed 34 | 1 . 2 . 2 . . . 3 2 10 13 1 . Kicked 7 | 1 . 2 . 2 . . . 2 . . . . . Crushed 4 | . . . . . . . . . 1 1 2 . . Highest Temperature 378 | 18 . 138 . 336 377 . . 310 187 375 378 132 146 Average Temperature 128 | 10 . 66 . 163 113 . . 70 94 193 149 62 87 Received Heat Transfer 2228 | . . 174 . 66 45 . . 841 . 312 418 372 . Effects 9 | . . . . 1 . . . 1 . 3 4 . . Shutdowns 3 | . . . . . . . . . . 2 1 . . Energy Bleed 2 | . . . . . . . . 1 . 1 . . . Interference 3 | . . . . . . . . . . . 3 . . Damage (minor) 1 | . . . . 1 . . . . . . . . . Siege Activations . | . . . . . . . . . . . . . . Robots Corrupted . | . . . . . . . . . . . . . . Combat Hostiles . | . . . . . . . . . . . . . . Parts Fried 9 | . . . . . . . 4 5 . . . . . Impact Corruptions 13 | . . . . . . . 6 7 . . . . . Robots Melted 3 | . . . . . . . . 1 1 . 1 . . Combat Hostiles 3 | . . . . . . . . 1 1 . 1 . . Parts Melted 11 | . . . . . . . 3 7 1 . . . . Heat Transferred 5461 | 37 . 148 . 444 962 . 250 1770 450 409 831 160 . Parts Sabotaged . | . . . . . . . . . . . . . . Parts Stolen . | . . . . . . . . . . . . . . Parts Stripped . | . . . . . . . . . . . . . . Power Chain Reactions . | . . . . . . . . . . . . . . Missiles Intercepted . | . . . . . . . . . . . . . . Alert | -11 -10 -10 -10 -9 -8 -7 -6 -5 -4 -4 -4 -4 -3 ------- Run | Scr Mat Min Exi Min Mat Fac Fac Fac Fac Upp Upp War Pro Peak Influence 430 | 10 21 117 . 69 382 173 133 430 292 . . . . Initial 173 | . 6 7 . . . 173 84 9 151 . . . . Average 108 | 2 19 36 . 28 221 173 53 170 195 . . . . Maximum Alert Level 2 | . . . . . 1 . . 2 1 . . . . Low Security (%) 80 | 100 100 100 . 100 50 100 100 56 52 . . . . Level 1 17 | . . . . . 50 . . 30 47 . . . . Level 2 2 | . . . . . . . . 12 . . . . . Level 3 . | . . . . . . . . . . . . . . Level 4 . | . . . . . . . . . . . . . . Level 5 . | . . . . . . . . . . . . . . High Security . | . . . . . . . . . . . . . . Max Security . | . . . . . . . . . . . . . . Squads Dispatched 11 | . . . . . 1 . 2 5 3 . . . . Investigation 4 | . . . . . . . 1 2 1 . . . . Extermination 4 | . . . . . . . 1 1 2 . . . . Reinforcement 3 | . . . . . 1 . . 2 . . . . . Assault . | . . . . . . . . . . . . . . Garrison . | . . . . . . . . . . . . . . Intercept . | . . . . . . . . . . . . . . Searches Triggered . | . . . . . . . . . . . . . . Construction Impeded 1 | . . . . . . . . 1 . . . . . Haulers Reinforced . | . . . . . . . . . . . . . . Active Scanning Responses . | . . . . . . . . . . . . . . Cargo Convoy Interrupts . | . . . . . . . . . . . . . . Stealth | -11 -10 -10 -10 -9 -8 -7 -6 -5 -4 -4 -4 -4 -3 --------- Run | Scr Mat Min Exi Min Mat Fac Fac Fac Fac Upp Upp War Pro Distress Signals 3 | . . . . . 2 . . 1 . . . . . Communications Jammed . | . . . . . . . . . . . . . . Distress Signals . | . . . . . . . . . . . . . . Times Spotted 137 | . 1 9 . 5 21 . 2 23 6 16 14 34 6 Peak Tracking Total 17 | . 1 4 . 2 7 . 2 10 2 5 5 17 6 Tactical Retreats 9 | . . 3 . . 2 . . 2 . 2 . . . Traps | -11 -10 -10 -10 -9 -8 -7 -6 -5 -4 -4 -4 -4 -3 ------- Run | Scr Mat Min Exi Min Mat Fac Fac Fac Fac Upp Upp War Pro Traps Triggered 1 | . . . . . . . . 1 . . . . . Indirectly . | . . . . . . . . . . . . . . Trap Hack Attempts . | . . . . . . . . . . . . . . Triggered . | . . . . . . . . . . . . . . Disarmed . | . . . . . . . . . . . . . . Reprogrammed . | . . . . . . . . . . . . . . Reused . | . . . . . . . . . . . . . . Traps Extracted . | . . . . . . . . . . . . . . Installed 3 | . . 3 . . . . . . . . . . . Triggered 14 | . . . . . . . . . . 1 . 13 . Machines | -11 -10 -10 -10 -9 -8 -7 -6 -5 -4 -4 -4 -4 -3 ---------- Run | Scr Mat Min Exi Min Mat Fac Fac Fac Fac Upp Upp War Pro Machines Disabled 17 | . . . . . . . . 12 5 . . . . Max in Single Turn 7 | . . . . . . . . 7 2 . . . . Garrison Access 2 | . . . . . . 1 . . 1 . . . . Machines Sabotaged . | . . . . . . . . . . . . . . Garrisons Compromised . | . . . . . . . . . . . . . . Overloaded Fab Kills . | . . . . . . . . . . . . . . Hacking | -11 -10 -10 -10 -9 -8 -7 -6 -5 -4 -4 -4 -4 -3 --------- Run | Scr Mat Min Exi Min Mat Fac Fac Fac Fac Upp Upp War Pro Machines Accessed 25 | . 4 . 2 . 1 2 3 2 4 1 1 5 . Terminals 12 | . 4 . . . 1 1 1 1 3 . 1 . . Fabricators 1 | . . . . . . . . 1 . . . . . Repair Stations . | . . . . . . . . . . . . . . Recycling Units 1 | . . . . . . . 1 . . . . . . Scanalyzers 1 | . . . . . . . 1 . . . . . . Garrison Access 2 | . . . . . . 1 . . 1 . . . . Total Hacks 61 | . 7 . 2 . 1 2 7 5 16 1 1 19 . Successful 38 | . 5 . 2 . . 1 1 . 8 1 1 19 . Failed 23 | . 2 . . . 1 1 6 5 8 . . . . Catastrophic 7 | . . . . . 1 1 2 1 2 . . . . Database Lockouts . | . . . . . . . . . . . . . . Manual 18 | . 4 . 1 . 1 1 2 3 6 . . . . Terminals 32 | . 7 . . . 1 1 4 3 15 . 1 . . Fabricators 2 | . . . . . . . . 2 . . . . . Repair Stations . | . . . . . . . . . . . . . . Recycling Units 2 | . . . . . . . 2 . . . . . . Scanalyzers 1 | . . . . . . . 1 . . . . . . Garrison Access 2 | . . . . . . 1 . . 1 . . . . Terminal Hacks 32 | . 5 . 2 . . . . . 4 1 1 19 . Record 14 | . . . 1 . . . . . . . 1 12 . Part Schematic 2 | . 1 . . . . . . . 1 . . . . Robot Analysis 1 | . 1 . . . . . . . . . . . . Prototype ID Bank 7 | . . . . . . . . . 1 . . 6 . Open Door 2 | . . . . . . . . . . 1 . 1 . Branch Access Points 2 | . 1 . . . . . . . 1 . . . . Terminal Index 1 | . 1 . . . . . . . . . . . . Dispatch Records 1 | . 1 . . . . . . . . . . . . Zone Layout 1 | . . . . . . . . . 1 . . . . EX-Prototype ID Bank 1 | . . . 1 . . . . . . . . . . Fabricator Hacks . | . . . . . . . . . . . . . . Repair Station Hacks . | . . . . . . . . . . . . . . Recycling Unit Hacks . | . . . . . . . . . . . . . . Scanalyzer . | . . . . . . . . . . . . . . Garrison Access Hacks 2 | . . . . . . 1 . . 1 . . . . Seal Access 2 | . . . . . . 1 . . 1 . . . . Unauthorized Hacks 4 | . . . . . . . 1 . 3 . . . . Terminals 3 | . . . . . . . . . 3 . . . . Botnet 3 | . . . . . . . . . 3 . . . . Fabricators . | . . . . . . . . . . . . . . Repair Stations . | . . . . . . . . . . . . . . Recycling Units 1 | . . . . . . . 1 . . . . . . Monitor 1 | . . . . . . . 1 . . . . . . Scanalyzers . | . . . . . . . . . . . . . . Garrison Access . | . . . . . . . . . . . . . . Data Cores Recovered . | . . . . . . . . . . . . . . Used . | . . . . . . . . . . . . . . Hacking Detections 11 | . 2 . . . 1 1 3 2 2 . . . . Full Trace Events 3 | . . . . . . . 1 1 1 . . . . Feedback Events . | . . . . . . . . . . . . . . Feedback Blocked . | . . . . . . . . . . . . . . Robot Schematics Acquired . | . . . . . . . . . . . . . . Robots Built . | . . . . . . . . . . . . . . Authchips . | . . . . . . . . . . . . . . Time . | . . . . . . . . . . . . . . Total Robot Build Rating . | . . . . . . . . . . . . . . Part Schematics Acquired 2 | . 1 . . . . . . . 1 . . . . Parts Built . | . . . . . . . . . . . . . . Authchips . | . . . . . . . . . . . . . . Time . | . . . . . . . . . . . . . . Total Part Build Rating . | . . . . . . . . . . . . . . Parts Repaired . | . . . . . . . . . . . . . . Time . | . . . . . . . . . . . . . . Parts Recycled . | . . . . . . . . . . . . . . Recycled Matter . | . . . . . . . . . . . . . . Retrieved Matter . | . . . . . . . . . . . . . . Retrieved Components . | . . . . . . . . . . . . . . Parts Scanalyzed . | . . . . . . . . . . . . . . Part Schematics Acquired . | . . . . . . . . . . . . . . Parts Damaged . | . . . . . . . . . . . . . . Bothacking | -11 -10 -10 -10 -9 -8 -7 -6 -5 -4 -4 -4 -4 -3 ------------ Run | Scr Mat Min Exi Min Mat Fac Fac Fac Fac Upp Upp War Pro Used RIF Installer . | . . . . . . . . . . . . . . Robots Hacked . | . . . . . . . . . . . . . . Non-combat . | . . . . . . . . . . . . . . Combat . | . . . . . . . . . . . . . . Robot Hacks Applied . | . . . . . . . . . . . . . . Relay Couplers Released . | . . . . . . . . . . . . . . Fabnet Peak Effective % . | . . . . . . . . . . . . . . Robots Rewired 4 | . . . . . . . . . . . . 4 . Allies Hacked . | . . . . . . . . . . . . . . Hacks Repelled . | . . . . . . . . . . . . . . Allies | -11 -10 -10 -10 -9 -8 -7 -6 -5 -4 -4 -4 -4 -3 -------- Run | Scr Mat Min Exi Min Mat Fac Fac Fac Fac Upp Upp War Pro Total Allies 7 | . . . . 3 . . . . . . . 4 . Largest Group 3 | . . . . 3 3 . . . . . . 3 . Highest-Rated Group 158 | . . . . 73 73 . . . . . . 158 . Highest-Rated Ally 56 | . . . . 31 31 . . . . . . 56 . Total Orders 1 | . . . . . . . . . . . . 1 . RETURN 1 | . . . . . . . . . . . . 1 . Ally Attacks 49 | . . . . 4 40 . . . . . . 5 . Total Damage 637 | . . . . 62 503 . . . . . . 72 . Kills 12 | . . . . 1 10 . . . . . . 1 . Allies Corrupted . | . . . . . . . . . . . . . . Allies Melted . | . . . . . . . . . . . . . . Intel | -11 -10 -10 -10 -9 -8 -7 -6 -5 -4 -4 -4 -4 -3 ------- Run | Scr Mat Min Exi Min Mat Fac Fac Fac Fac Upp Upp War Pro Robot Analysis Total 1 | . 1 . . . . . . . . . . . . Derelict Logs Recovered 4 | . . 1 . 2 . . . . . . 1 . . Drone Launches 1 | . . . . . . . . . . . . 1 . Drone Recoveries . | . . . . . . . . . . . . . . Exploration | -11 -10 -10 -10 -9 -8 -7 -6 -5 -4 -4 -4 -4 -3 ------------- Run | Scr Mat Min Exi Min Mat Fac Fac Fac Fac Upp Upp War Pro Turns Passed 8162 | 111 174 784 362 497 318 189 742 943 658 771 1329 1106 178 Spaces Moved 4907 | 77 139 570 298 348 184 150 372 504 345 408 497 863 152 Core 63 | 9 . . . . . . . . . . 17 . 37 Treads 1124 | . . . . . . . 34 58 345 408 273 6 . Legs 2895 | 68 139 570 298 348 184 150 338 446 . . . 239 115 Wheels 825 | . . . . . . . . . . . 207 618 . Hover . | . . . . . . . . . . . . . . Flight . | . . . . . . . . . . . . . . Fastest Speed 50 | 50 120 120 120 120 120 120 120 120 145 145 95 95 50 Average Speed 131 | 113 120 120 120 120 120 120 161 130 152 149 162 115 102 Slowest Speed 350 | 190 120 120 120 120 190 120 190 190 160 225 350 190 120 Overloaded Moves . | . . . . . . . . . . . . . . Propulsion Burnouts . | . . . . . . . . . . . . . . Robots Hopped . | . . . . . . . . . . . . . . Cave-ins Triggered . | . . . . . . . . . . . . . . Exploration Rate (%) 41 | 4 40 92 64 80 25 5 9 14 10 56 60 84 33 Regions Visited 13 Branch Regions 7 Pre-discovered Areas 3 | . . 1 1 . . . . . . . 1 . . Known Exits Taken 2 | . 1 . . . . . . . 1 . . . . Unknown Exits Taken 11 | 1 . 1 1 1 1 1 1 1 . 1 1 1 . Scrap Searched 5 | . . 1 . . . . . . . 1 2 . 1 Spaces Dug 2 | . . . . . . . . . 2 . . . . Terrain Destroyed 187 | . . . . . . . . 95 57 18 8 . 9 Melee 2 | . . . . . . . . . 2 . . . . Projectile 37 | . . . . . . . . 5 2 18 8 . 4 AOE 148 | . . . . . . . . 90 53 . . . 5 Terrain Rammed . | . . . . . . . . . . . . . . Walls Destroyed . | . . . . . . . . . . . . . . Machines Disabled . | . . . . . . . . . . . . . . Actions | -11 -10 -10 -10 -9 -8 -7 -6 -5 -4 -4 -4 -4 -3 --------- Run | Scr Mat Min Exi Min Mat Fac Fac Fac Fac Upp Upp War Pro Total 6220 | 93 146 658 303 393 232 162 496 689 460 500 962 961 165 Wait 788 | . . 67 . 27 6 . 94 96 67 17 400 11 3 Move 4894 | 76 138 569 297 347 183 149 371 503 344 407 496 862 152 Hop . | . . . . . . . . . . . . . . Pick Up 51 | 7 3 . 1 . 3 3 4 4 2 10 10 3 1 Fast Attach 96 | 6 2 . 2 . 9 2 7 12 13 10 10 23 . Attach 19 | 1 . . . . 2 2 . 5 . 1 4 3 1 Detach 6 | . . . . . 1 1 . 1 . 1 . 2 . Swap 36 | . . 5 . . 3 1 3 8 6 2 2 6 . Drop 72 | . 3 5 3 . 4 4 9 8 10 3 5 18 . Fire 167 | 2 . 7 . 17 21 . 5 31 14 39 22 1 8 Melee 27 | . . . . . . . 3 18 2 . . 4 . Ram . | . . . . . . . . . . . . . . Kick 7 | 1 . 2 . 2 . . . 2 . . . . . Crush 27 | . . . . . . . . 1 2 10 13 1 . Escape Stasis . | . . . . . . . . . . . . . . Rewire 27 | . . . . . . . . . . . . 27 . Trap 3 | . . 3 . . . . . . . . . . . Miscellaneous . | . . . . . . . . . . . . . . Route ------- -11/Scrapyard -10/Materials (discovered 2 exits: *Min x2) -10/Mines (discovered 2 exits: [*Mat] / *Exi) -10/Exiles (discovered 2 exits: [*Min x2]) -9/Mines -8/Materials -7/Factory -6/Factory (discovered 2 exits: *Fac x2) -5/Factory -4/Factory (discovered 3 exits: *Upp x2 / Arm) -4/Upper Caves -4/Upper Caves (discovered 2 exits: [*Res] / *War) -4/Warlord -3/Proximity Caves History --------- Turn | Location | Event 5 | -11/Scrapyard | Discovered new exit (range 14) 112 | -11/Scrapyard | Entered Materials 118 | -10/Materials | Identified exit to Mines 286 | -10/Materials | Entered Mines 291 | -10/Mines | Joined a pair of Derelicts in attacking an 0b10 outpost 322 | -10/Mines | Learned Materials trap positions 329 | -10/Mines | Build established: Mutant 330 | -10/Mines | Assembled infested the area 335 | -10/Mines | Assisted by a Guerilla fighting off Assembled 491 | -10/Mines | Learned location of Storage (-8) 620 | -10/Mines | Found a hidden stash of uninstalled traps 817 | -10/Mines | Discovered new exit (range 13) 825 | -10/Mines | Build established: Scavenger-Mutant 1064 | -10/Mines | Deemed a non-threat by the Exiles lab entrance 1064 | -10/Mines | Discovered new exit (range 5) 1070 | -10/Mines | Entered Exiles 1086 | -10/Exiles | Discovered new exit (range 15) 1123 | -10/Exiles | Met 8R-AWN 1144 | -10/Exiles | Met EX-HEX 1188 | -10/Exiles | Met EX-DEC 1196 | -10/Exiles | Learned location of Zion (-7) 1219 | -10/Exiles | Met EX-BIN 1236 | -10/Exiles | Aligned with FarCom system 1237 | -10/Exiles | Given EX-Vault access code 1265 | -10/Exiles | Opened EX-Vault 1273 | -10/Exiles | Found Latent Energy Streamer 1314 | -10/Exiles | Found Skeleton Box 1340 | -10/Exiles | Warned to stay clear of 0b10 Research branches 1418 | -10/Exiles | Discovered new exit (range 14) 1432 | -10/Exiles | Left Exiles lab with Skeleton Box 1432 | -10/Exiles | Entered Mines 1559 | -9/Mines | Learned Materials trap positions 1637 | -9/Mines | Discovered new exit (range 11) 1647 | -9/Mines | Learned Materials emergency access door positions 1870 | -9/Mines | Received a Mining Laser from a helpful Derelict 1929 | -9/Mines | Entered Materials 1929 | -8/Materials | Accompanied by 3 allies 1929 | -8/Materials | Evolved 4 slots: Propulsion x1, Utility x2, Weapon x1 1930 | -8/Materials | Loaded intel: 23 trap records 1934 | -8/Materials | Led the pair of lost Derelicts to an unsafe place 2124 | -8/Materials | Lost 3 parts (1p1n1w) 2241 | -8/Materials | Discovered new exit (range 5) 2247 | -8/Materials | Entered Factory 2247 | -7/Factory | Evolved 2 slots: Utility x2 2367 | -7/Factory | Discovered new exit (range 20) 2436 | -7/Factory | Entered another Factory area 2436 | -6/Factory | Evolved 2 slots: Propulsion x1, Utility x1 2490 | -6/Factory | Build established: Scavenger-Skirmisher 2845 | -6/Factory | Discovered new exit (range 5) 2850 | -6/Factory | Discovered new exit (range 17) 3089 | -6/Factory | Build established: Skirmisher 3178 | -6/Factory | Entered another Factory area 3178 | -5/Factory | Evolved 2 slots: Power x1, Utility x1 3566 | -5/Factory | System corruption reached 10% 3668 | -5/Factory | Lost 14 parts (3p5n3u3w) 3706 | -5/Factory | Destroyed 7 combat bots 3827 | -5/Factory | Build established: Mutant 4097 | -5/Factory | Discovered new exit (range 13) 4121 | -5/Factory | Entered another Factory area 4121 | -4/Factory | Evolved 2 slots: Utility x2 4367 | -4/Factory | Identified exit to Upper Caves 4367 | -4/Factory | Identified exit to Armory 4779 | -4/Factory | Entered Upper Caves 5208 | -4/Upper Caves | Lost 3 parts (1p1n1w) 5271 | -4/Upper Caves | Lost 3 parts (3u) 5381 | -4/Upper Caves | Discovered new exit (range 20) 5550 | -4/Upper Caves | Entered another Upper Caves area 5559 | -4/Upper Caves | Discovered new exit (range 12) 5597 | -4/Upper Caves | Learned location of Testing (-2) 5702 | -4/Upper Caves | Lost 3 parts (1p1n1w) 5900 | -4/Upper Caves | Attracted the attention of an 0b10 checkpoint 6019 | -4/Upper Caves | Build established: Skirmisher 6397 | -4/Upper Caves | Build established: Scavenger-Skirmisher 6552 | -4/Upper Caves | Lost 4 parts (3n1w) 6824 | -4/Upper Caves | Build established: Scavenger-Mutant 6850 | -4/Upper Caves | Discovered new exit (range 5) 6879 | -4/Upper Caves | Entered Warlord 7101 | -4/Warlord | Found Prototype Device 7101 | -4/Warlord | Identified Minesniffer Drone Bay 7128 | -4/Warlord | Found Prototype Device 7128 | -4/Warlord | Identified Wardrone Bay 7400 | -4/Warlord | Build established: Scavenger-Skirmisher 7504 | -4/Warlord | Warlord's base attacked by MAIN.C 7529 | -4/Warlord | Met Warlord 7721 | -4/Warlord | Lost 4 parts (2n2u) 7787 | -4/Warlord | Found Prototype Energy Gun 7787 | -4/Warlord | Identified Vortex Rifle 7793 | -4/Warlord | Found Vortex Rifle 7836 | -4/Warlord | Build established: Scavenger-Mutant 7854 | -4/Warlord | Warlord forces counterattacked 7874 | -4/Warlord | Spotted Striker 7933 | -4/Warlord | Spotted Executioner 7933 | -4/Warlord | Spotted Striker 7939 | -4/Warlord | Spotted Striker 7952 | -4/Warlord | Core integrity fell below 50% 7971 | -4/Warlord | Discovered new exit (range 15) 7985 | -4/Warlord | Entered Proximity Caves 7999 | -3/Proximity Caves | Lost 11 parts (2p1n6u2w) 8138 | -3/Proximity Caves | Core integrity fell below 20% 8163 | -3/Proximity Caves | Destroyed by S-43 Plague with Heavy Machine Gun Last Messages --------------- LOCATION=UNKNOWN GOAL=ESCAPE 08039_ Searching scrap... 08039_ Found Focal Shield. 08039_ Found 28 Matter. 08040_ Acquired 20 matter. 08042_ Acquired Focal Shield. 08126_ Arm. Medium Treads destroyed. 08129_ S-43 Plague destroyed. 08133_ Arm. Medium Treads destroyed. 08135_ S-43 Plague destroyed. 08138_ Lyr. Medium Armor Plating destroyed. 08139_ Xenon Bombardment Thruster fries itself beyond repair. 08139_ Hvy. Machine Gun fries itself beyond repair. 08139_ Thermoblaster destroyed. 08141_ Vortex Rifle destroyed. 08142_ Xenon Bombardment Thruster fries itself beyond repair. 08143_ 0b10 Decoder Chip [Looter] destroyed. 08157_ Myomer Leg destroyed. [Achievement: I Was Wrong!] Map ----- +----------------------------------------------------+ | ?????????????????????????????????????????????????? | | ?????????????????????????????????????????????????? | | ?????????????????????????????????????????????????? | | ?????????????????????????????????????????????????? | | ?????????????????????????????????????????????????? | | ?????????????????????????????????????????????????? | | ?????????????????????????????????????????????????? | | ?????????????????????????????????????????????????? | | ?????????????????????????????????????????????????? | | ???????????????????? #??????????????????????????? | | ????????????????###? #?????????????????????????? | | ???????????????? ##????????????????????????? | | ???????????????? ##???????????????????????? | | ????????????????# ##??????????????????????? | | ????????????????# ##?????????????????????? | | ????????????????# ##????????????????????? | | ????????????????# ##???????????????????? | | ????????????????# ## ##??????????????????? | | ???????????????## ## ##?????????????????? | | ???????????????# #?????????????????? | | ???????????????# #?????????????????? | | ???????????????# #??????????????????? | | ????????????????# #???????##??????????? | | ###?????????????# # #??????## #??????????? | | #?????????????# #???????# #??????????? | | ##????????###### # @##?????# #??????????? | | ########### ## ## ##??## #??????????? | | # ### #### ##?????????? | | # #?# ## #?????????? | | # ""#### #?# #? #?????????? | | # " "#?# ### ## ##? #??????????? | | # " "" ### ### ### ##?????????? | | """"" ##?# #?# "#?????????? | | """""" #??# ?###; ###?????????? | | """""" #?# ## ???##;% % ""#??????????? | | " """ ####?# ???##s #; #??????????? | | ?""" #????## #???# s## #??????????? | | ""?""" ##?????####??## ##???????????? | | ##??" #????##?????## ##??????????? | | # #???" #??### ### ##?????????? | | # ???? #?# ##????????? | | # ???? ??# #### "#????????? | | # ???? ??## #??# ##????????? | | ?# ????? ### ????## #?## #?????????? | | ?????????????????????#### ?# #?????????? | | ????????????????????????# #?# #?????????? | | ????????????????????????# ##?## #?????????? | | ????????????????????????# #????## ##?????????? | | ????????????????????????# ??????###??????????? | | ????????????????????????# ???????????????????? | +----------------------------------------------------+ Best States ------------- Heat Dissipation 81 Coolant Potential 80 Energy Generation 35 Energy Capacity 515 Matter Stores 300 Matter Capacity 300 Sight Range 20 Robot Scan Range 15 Terrain Scan Range 20 Terrain Scan Density 10 Armor Coverage 600 Resistance: KI 20 Resistance: EM 15 Propulsion Shielding 66 Point Defense Rating 80 Weapon Cycling 20 Evasion (%) 55 Targeting Accuracy 12 Armor Integrity Analysis 30 Recoil Reduction 4 Energy Filtering 30 Offensive Hacking 10 Item Schematics ----------------- Lrg. Storage Unit | -10/Materials | Hacked Antimissile System | -4/Factory | Hacked Robot Schematics ------------------ None Fabricated ------------ Nothing Alien Tech Used ----------------- None Achievements -------------- I Was Wrong! Challenges ------------ None Game ------ Seed GuidanceFlyingFrame Manual? 0 Play Time 01:22:55 Cumulative 126.8 hours Start 2022.04.08 @ 19:53:17 End 2022.04.08 @ 21:35:52 Sessions 1 Manual Loads 0 Difficulty Rogue Special Mode None Game No. 96 Rogue 78 Adventurer 6 Explorer 12 Win Type - Total 8 Types 5/0/1/1/0/0/1/0/0 Lore% 75 Gallery% 77 Achievement% 60 Wizard Run 0 Options --------- ASCII 0 Keyboard 0 Movement Numpad Keybinds 0 Fullscreen 1 Font 12/Fuzzy Map View 83x54 Tactical HUD 1 Map Filters NONE Filters NONE Steam 1 RUN: a7769c81-1289-4d54-a22a-76a30677dd78